Map: Inside and Out

Players

Harstem

  • Race: Protoss Protoss
  • Spawn Location: 7:00

trigger - Winner!

  • Race: Protoss Protoss
  • Spawn Location: 1:00

Event: DreamHack SC2 Masters 2022 Atlanta (Offline)

VOD

Have the link to the VOD?

Description

Time

  • Played on: Nov. 18, 2022, 7:40 p.m.
  • Length: 25:22

All games in this series

Show
View Real Time Build Order
Export as new Build Order

Harstem Protoss 

Build Orders: Phoenix Opening, Dark Templar Rush 

Get SALT Encoding   

  12  0:00  Probe  
  13  0:12  Probe  
  14  0:16  Pylon  
  14  0:24  Probe  
  15  0:35  Gateway  
  15  0:36  Probe (Chrono Boost)  
  16  0:46  Probe (Chrono Boost), Assimilator  
  17  0:51  Probe (Chrono Boost)  
  17  0:55  Assimilator  
  18  1:03  Probe (Chrono Boost)  
  19  1:13  Probe (Chrono Boost)  
  19  1:15  Gateway  
  20  1:25  Pylon  
  21  1:27  Cybernetics Core  
  21  1:30  Probe  
  21  1:42  Probe  
  21  1:46  Pylon  
  22  1:47  Pylon  
  22  1:55  Probe  
  23  2:02  Warp Gate (Chrono Boost)  
  23  2:03  Pylon  
  23  2:05  Sentry  
  23  2:07  Probe  
  28  2:19  Probe  
  29  2:26  Nexus  
  27  2:31  Probe  
  27  2:35  Pylon  
  28  2:42  Phoenix  
  28  2:43  Probe  
  29  2:46  Stalker  
  30  2:55  Probe  
  30  2:58  Twilight Council  
  31  3:07  Probe  
  31  3:12  Sentry (Chrono Boost)  
  34  3:16  Stalker (Chrono Boost)  
  34  3:17  Shield Battery  
  36  3:23  Probe  
  37  3:36  Probe  
  37  3:41  Shield Battery  
  38  3:46  Stalker x2  
  38  3:47  Probe  
  38  3:48  Probe  
  42  3:50  Phoenix  
  42  3:52  Dark Shrine  
  42  3:59  Probe  
  42  4:00  Probe  
  44  4:08  Stalker  
  46  4:11  Probe, Stalker  
  46  4:14  Probe  
  50  4:20  Pylon  
  50  4:29  Shield Battery, Stalker  
  50  4:33  Probe, Pylon  
  51  4:39  Stalker  
  51  4:41  Probe  
  54  4:45  Probe  
  54  4:48  Shield Battery  
  54  4:53  Probe  
  54  4:56  Stalker  
  54  4:57  Probe  
  58  5:01  Assimilator  
  58  5:04  Dark Templar  
  58  5:05  Probe  
  61  5:10  Probe  
  61  5:13  Pylon  
  62  5:17  Dark Templar  
  62  5:18  Pylon  
  62  5:24  Phoenix, Robotics Facility  
  62  5:26  Shield Battery  
  62  5:29  Probe  
  62  5:31  Probe  
  62  5:33  Stalker  
  64  5:38  Blink (Chrono Boost)  
  64  5:41  Probe  
  65  5:43  Probe  
  65  5:47  Nexus  
  66  5:51  Pylon  
  66  5:54  Probe  
  67  5:57  Stalker  
  67  5:58  Probe  
  67  6:03  Stalker  
  72  6:08  Probe  
  72  6:10  Immortal (Chrono Boost)  
  78  6:21  Sentry  
  81  6:29  Gateway x2, Probe  
  81  6:30  Shield Battery  
  81  6:32  Probe  
  81  6:40  Stalker  
  81  6:41  Phoenix, Observer (Chrono Boost)  
  81  6:46  Probe  
  83  6:47  Probe  
  83  6:48  Stalker  
  84  6:58  Probe  
  84  6:59  Probe  
  84  7:00  Probe  
  87  7:05  Stalker  
  89  7:10  Probe  
  89  7:11  Zealot  
  89  7:12  Shield Battery, Charge (Chrono Boost)  
  89  7:14  Immortal (Chrono Boost)  
  96  7:18  Pylon  
  96  7:19  Probe  
  96  7:20  Probe  
  96  7:21  Observer  
  98  7:25  Stalker  
  98  7:28  Phoenix  
  98  7:29  Probe  
  100  7:31  Pylon  
  100  7:42  Probe  
  100  7:43  Probe  
  102  7:50  Zealot x3  
  108  7:52  Pylon  
  108  7:57  Nexus  
  108  8:00  Pylon  
  108  8:04  Assimilator  
  108  8:05  Pylon  
  108  8:08  Forge  
  108  8:11  Gateway  
  108  8:14  Gateway  
  108  8:20  Gateway  
  108  8:21  Gateway  
  108  8:24  Phoenix  
  108  8:25  Robotics Bay, Probe  
  108  8:26  Probe  
  110  8:28  Dark Templar  
  110  8:33  Probe  
  113  8:41  Zealot x3  
  113  8:47  Protoss Ground Weapons Level 1 (Chrono Boost), Shield Battery  
  119  8:49  Photon Cannon  
  119  8:50  Pylon  
  119  8:55  Probe  
  119  8:57  Photon Cannon  
  119  8:59  Pylon  
  120  9:05  Probe  
  121  9:10  Stalker  
  121  9:11  Stalker x3  
  121  9:13  Disruptor (Chrono Boost), Probe  
  133  9:21  Stalker x2  
  133  9:23  Probe  
  138  9:24  Probe  
  139  9:32  Stalker x2  
  139  9:34  Sentry  
  145  9:38  Disruptor (Chrono Boost)  
  145  9:43  Zealot x3  
  149  9:47  Shield Battery, Pylon  
  147  10:00  Zealot x5  
  155  10:13  Zealot x3  
  143  10:27  Zealot  
  143  10:28  Zealot x4  
  134  10:29  Disruptor (Chrono Boost)  
  134  10:31  Probe x2  
  135  10:37  Stalker  
  135  10:38  Stalker x2  
  135  10:40  Pylon  
  141  10:42  Protoss Ground Weapons Level 2 (Chrono Boost)  
  141  10:43  Probe x2  
  141  10:45  Photon Cannon  
  141  10:47  Assimilator  
  141  10:48  Stalker x2  
  147  10:51  Pylon  
  147  10:54  Disruptor (Chrono Boost)  
  147  10:55  Dark Templar  
  152  10:57  Photon Cannon  
  152  11:00  Zealot x2  
  155  11:12  Zealot  
  155  11:13  Zealot x4  
  165  11:19  Probe x2  
  165  11:21  Disruptor (Chrono Boost), Pylon  
  165  11:22  Probe  
  165  11:23  Assimilator  
  165  11:25  Zealot x2  
  169  11:35  Zealot x6  
  181  11:47  Photon Cannon  
  181  11:49  Photon Cannon  
  181  11:50  Observer  
  181  11:52  Shield Battery, Pylon  
  181  11:53  Zealot x2  
  186  11:57  Zealot x3  
  181  12:10  Zealot x3  
  181  12:11  Disruptor  
  172  12:17  Zealot x2  
  154  12:24  Stalker x3  
  152  12:31  Zealot x3  
  150  12:38  Zealot, Dark Templar  
  146  12:46  Disruptor (Chrono Boost)  
  146  12:50  Zealot x3  
  147  12:56  Protoss Ground Weapons Level 3 (Chrono Boost)  
  137  13:00  Stalker x4  
  145  13:06  Pylon  
  145  13:11  Probe  
  145  13:12  Probe  
  146  13:15  Disruptor (Chrono Boost), Shield Battery  
  146  13:17  Shield Battery, Zealot, Dark Templar  
  153  13:20  Photon Cannon, Pylon  
  153  13:23  Stalker x3  
  153  13:24  Stalker  
  159  13:34  Stalker  
  159  13:35  Stalker  
  161  13:48  Disruptor  
  162  13:51  Zealot  
  162  13:53  Zealot x5  
  174  14:01  Photon Cannon  
  172  14:04  Zealot  
  172  14:10  Stalker  
  174  14:18  Shadow Stride (Chrono Boost)  
  174  14:23  Dark Templar x5  
  184  14:28  Zealot  
  184  14:29  Gravitic Boosters (Chrono Boost), Nexus  
  184  14:30  Dark Templar, Pylon  
  188  14:48  Observer (Chrono Boost)  
  188  14:49  Zealot x2  
  188  14:56  Robotics Facility  
  188  14:57  Zealot x4  
  196  15:00  Pylon  
  196  15:10  Pylon  
  196  15:13  Nexus, Observer  
  191  15:22  Stalker x4  
  193  15:48  Stalker x5  
  177  15:58  Observer (Chrono Boost), Stalker  
  177  15:59  Stalker x2  
  173  16:10  Disruptor (Chrono Boost)  
  173  16:11  Zealot x4, Dark Templar  
  167  16:13  Observer (Chrono Boost)  
  161  16:22  Probe  
  162  16:27  Zealot x3  
  162  16:37  Zealot x3  
  168  16:45  Nexus  
  168  16:46  Pylon  
  164  16:48  Observer  
  162  16:57  Pylon  
  162  16:58  Stalker x6  
  162  17:01  Observer  
  171  17:19  Shield Battery  
  171  17:22  Zealot x7  
  181  17:32  Shield Battery  
  181  17:36  Forge  
  180  17:48  Zealot x5  
  173  18:10  Stalker x5  
  179  18:24  Protoss Shields Level 1 (Chrono Boost)  
  180  18:27  Photon Cannon  
  180  18:29  Probe (Chrono Boost), Stalker x2  
  180  18:30  Shield Battery  
  180  18:31  Probe (Chrono Boost)  
  180  18:32  Probe (Chrono Boost)  
  185  18:44  Observer  
  184  19:00  Stalker x4  
  184  19:01  Stalker  
  194  19:03  Photon Cannon  
  194  19:05  Observer  
  194  19:06  Photon Cannon  
  190  19:28  Probe  
  187  19:31  Stalker x6  
  187  19:35  Probe  
  198  19:46  Stalker  
  198  19:56  Nexus  
  196  20:00  Dark Templar x2, Pylon  
  196  20:06  Observer  
  159  20:27  Stalker x5  
  159  20:28  Disruptor x2 (Chrono Boost)  
  131  20:33  Stalker x2  
  137  20:37  Probe, Assimilator  
  137  20:39  Assimilator  
  124  20:58  Zealot x7  
  124  21:00  Disruptor (Chrono Boost)  
  125  21:19  Zealot x7  
  125  21:22  Observer (Chrono Boost)  
  135  21:26  Nexus  
  135  21:32  Observer (Chrono Boost)  
  134  21:40  Zealot x7  
  134  21:44  Photon Cannon  
  124  22:10  Zealot x7  
  121  22:21  Zealot x7  
  131  22:22  Pylon  
  131  22:26  Pylon  
  131  22:27  Observer  
  131  22:28  Observer  
  129  22:36  Disruptor x2  
  134  22:46  Stalker x4  
  134  22:47  Zealot x3  
  131  23:21  Stalker x3  
  136  23:30  Zealot x4  
  144  23:40  Observer  
  135  24:02  Zealot x2, Stalker x5  
  146  24:16  Probe  
  135  24:26  Zealot x3, Dark Templar  
  143  24:36  Nexus  
  133  24:40  Stalker  
  133  24:41  Zealot, Stalker  
  95  25:15  Zealot x6  
Show
View Real Time Build Order
Export as new Build Order

trigger Protoss - Winner!

Build Orders: Blink Stalkers 

Get SALT Encoding   

  12  0:00  Probe  
  13  0:12  Probe  
  14  0:19  Pylon  
  14  0:24  Probe (Chrono Boost)  
  15  0:37  Probe (Chrono Boost), Gateway  
  16  0:45  Probe (Chrono Boost)  
  16  0:46  Assimilator  
  17  0:51  Probe  
  18  1:03  Probe (Chrono Boost)  
  19  1:05  Assimilator  
  19  1:10  Pylon  
  19  1:15  Probe (Chrono Boost)  
  20  1:20  Probe (Chrono Boost)  
  21  1:27  Zealot  
  21  1:28  Cybernetics Core  
  21  1:31  Probe  
  24  1:43  Probe  
  25  1:55  Probe  
  26  2:02  Warp Gate (Chrono Boost)  
  26  2:04  Stalker  
  26  2:07  Probe  
  29  2:17  Pylon  
  30  2:26  Nexus  
  30  2:34  Stalker  
  31  2:44  Gateway  
  31  2:59  Pylon  
  31  3:04  Stalker  
  33  3:06  Probe  
  34  3:15  Twilight Council  
  34  3:18  Gateway  
  34  3:21  Probe  
  35  3:33  Probe  
  36  3:43  Blink (Chrono Boost)  
  36  3:45  Probe  
  36  3:46  Stalker x2  
  36  3:47  Probe  
  40  3:59  Probe  
  41  4:10  Stalker x2  
  41  4:13  Stalker  
  41  4:15  Probe  
  48  4:18  Probe  
  49  4:28  Probe  
  49  4:30  Probe  
  47  4:33  Adept x2  
  47  4:37  Pylon  
  51  4:40  Probe  
  51  4:42  Probe  
  53  4:47  Stalker  
  53  4:52  Probe  
  56  4:54  Probe  
  56  4:55  Stalker  
  56  4:58  Stalker  
  61  5:04  Probe  
  61  5:06  Probe  
  63  5:08  Robotics Facility  
  63  5:16  Probe  
  63  5:17  Stalker  
  63  5:18  Probe  
  63  5:20  Assimilator  
  67  5:22  Pylon  
  65  5:37  Pylon  
  65  5:38  Pylon  
  63  5:44  Probe x2  
  63  5:45  Forge  
  63  5:48  Stalker x2  
  69  5:55  Observer (Chrono Boost)  
  70  5:59  Probe x2  
  72  6:07  Nexus  
  72  6:08  Pylon  
  72  6:14  Stalker x2  
  72  6:16  Protoss Ground Weapons Level 1 (Chrono Boost), Probe x2  
  78  6:19  Observer (Chrono Boost)  
  78  6:25  Gateway  
  79  6:28  Shield Battery  
  79  6:29  Probe  
  79  6:30  Probe  
  81  6:39  Stalker  
  83  6:41  Probe  
  83  6:42  Probe  
  85  6:51  Stalker  
  85  6:53  Probe  
  88  6:54  Probe  
  88  6:58  Immortal (Chrono Boost)  
  93  7:05  Probe  
  94  7:11  Pylon  
  94  7:19  Probe x2, Stalker x3  
  102  7:25  Probe  
  103  7:31  Probe  
  103  7:34  Pylon  
  103  7:35  Immortal (Chrono Boost)  
  108  7:42  Nexus  
  107  7:45  Stalker x2  
  107  7:48  Stalker  
  113  7:54  Pylon  
  113  7:56  Shield Battery, Photon Cannon  
  113  8:00  Probe x2  
  113  8:01  Observer (Chrono Boost), Probe  
  113  8:02  Assimilator  
  113  8:04  Protoss Ground Weapons Level 2 (Chrono Boost)  
  117  8:08  Stalker  
  117  8:09  Stalker  
  117  8:12  Probe  
  122  8:16  Assimilator, Stalker  
  122  8:19  Gateway  
  124  8:26  Gateway  
  124  8:27  Gateway  
  124  8:31  Probe x3  
  124  8:33  Sentry x2  
  131  8:35  Pylon  
  131  8:41  Stalker  
  131  8:42  Charge, Pylon  
  133  8:53  Gateway, Probe (Chrono Boost)  
  135  8:56  Photon Cannon  
  135  8:57  Probe (Chrono Boost)  
  135  9:02  Probe x2 (Chrono Boost), Stalker  
  139  9:03  Stalker  
  139  9:05  Probe (Chrono Boost)  
  143  9:12  Gateway  
  143  9:13  Stalker  
  143  9:17  Gateway  
  144  9:18  Gateway  
  144  9:19  Warp Prism (Chrono Boost)  
  144  9:21  Gateway  
  146  9:26  Stalker  
  148  9:32  Stalker x3  
  148  9:37  Stalker  
  156  9:41  Observer  
  156  9:43  Stalker  
  158  9:49  Pylon  
  158  9:50  Pylon  
  158  9:51  Pylon  
  158  9:52  Stalker x2  
  163  10:02  Stalker  
  151  10:16  Stalker x9  
  143  10:34  Warp Prism (Chrono Boost)  
  137  10:39  Zealot x9  
  137  10:42  Zealot  
  157  11:00  Zealot x10  
  177  11:06  Zealot  
  179  11:12  Pylon  
  179  11:23  Zealot x2  
  179  11:24  Zealot x2  
  187  11:28  Zealot  
  165  11:40  Zealot  
  165  11:41  Zealot x5  
  165  11:43  Zealot  
  165  11:45  Zealot x4  
  187  11:53  Observer  
  185  11:57  Photon Cannon  
  184  12:01  Zealot x6  
  169  12:14  Zealot x3  
  145  12:18  Zealot x2  
  127  12:24  Stalker x5  
  127  12:26  Probe  
  127  12:27  Probe  
  127  12:28  Zealot  
  141  12:35  Zealot x2  
  141  12:36  Zealot  
  145  12:41  Zealot x2  
  145  12:50  Zealot x2  
  121  12:52  Protoss Ground Weapons Level 3 (Chrono Boost)  
  119  13:02  Zealot x8  
  125  13:07  Dark Shrine  
  125  13:08  Probe x2  
  127  13:18  Probe x2  
  129  13:34  Zealot x8  
  145  13:42  Photon Cannon  
  145  13:44  Nexus  
  145  13:55  Robotics Bay  
  145  13:58  Pylon  
  145  14:06  Robotics Facility, Probe x3  
  145  14:07  Assimilator  
  145  14:09  Assimilator  
  148  14:13  Shadow Stride (Chrono Boost)  
  147  14:20  Dark Templar x6  
  159  14:24  Observer (Chrono Boost)  
  160  14:32  Probe  
  160  14:34  Photon Cannon  
  160  14:35  Shield Battery  
  161  14:50  Disruptor (Chrono Boost)  
  161  14:51  Disruptor (Chrono Boost)  
  159  14:56  Stalker x6  
  159  14:57  Robotics Facility  
  177  15:02  Probe  
  177  15:03  Photon Cannon, Pylon  
  178  15:08  Dark Templar x2  
  178  15:11  Probe  
  178  15:13  Disruptor (Chrono Boost)  
  181  15:25  Disruptor (Chrono Boost)  
  181  15:27  Zealot x5  
  189  15:42  Disruptor  
  186  15:48  Dark Templar x6  
  192  15:55  Disruptor  
  166  16:03  Dark Templar x4  
  156  16:17  Disruptor  
  146  16:26  Stalker x2  
  146  16:28  Zealot x5  
  146  16:31  Disruptor  
  163  16:39  Zealot x4  
  151  16:55  Disruptor (Chrono Boost), Zealot x7  
  163  17:07  Disruptor (Chrono Boost)  
  163  17:08  Stalker x2  
  163  17:09  Stalker x2  
  171  17:18  Assimilator  
  171  17:19  Assimilator  
  162  17:30  Zealot x5  
  162  17:31  Zealot  
  162  17:35  Disruptor (Chrono Boost)  
  162  17:36  Disruptor (Chrono Boost)  
  163  17:53  Assimilator  
  161  18:04  Zealot x8  
  161  18:05  Observer (Chrono Boost)  
  172  18:07  Disruptor (Chrono Boost)  
  172  18:09  Observer (Chrono Boost)  
  170  18:15  Zealot x3  
  170  18:19  Disruptor (Chrono Boost)  
  176  18:20  Protoss Shields Level 1  
  176  18:26  Gravitic Boosters (Chrono Boost), Pylon  
  179  18:32  Disruptor (Chrono Boost)  
  182  18:40  Disruptor (Chrono Boost)  
  185  18:44  Dark Templar  
  185  18:59  Disruptor (Chrono Boost)  
  185  19:05  Disruptor (Chrono Boost)  
  185  19:07  Nexus  
  185  19:08  Pylon  
  188  19:15  Disruptor (Chrono Boost)  
  191  19:27  Disruptor  
  191  19:30  Zealot x5  
  200  19:36  Probe  
  184  19:49  Dark Templar x6  
  192  19:53  Photon Cannon  
  192  20:04  Zealot x4  
  192  20:06  Photon Cannon  
  198  20:08  Shield Battery  
  198  20:10  Pylon  
  186  20:27  Zealot x8  
  170  20:33  Photon Cannon  
  170  20:39  Observer (Chrono Boost)  
  168  20:45  Zealot x3  
  168  20:46  Observer (Chrono Boost)  
  172  20:51  Zealot x3  
  172  20:52  Zealot x4  
  172  20:53  Archon  
  180  21:01  Stalker  
  182  21:07  Disruptor  
  182  21:08  Disruptor  
  153  21:23  Stalker x7  
  160  21:27  Zealot x2  
  164  21:37  Observer  
  165  21:41  Dark Templar x2  
  165  21:43  Disruptor  
  165  21:44  Disruptor  
  175  21:52  Archon  
  118  22:16  Zealot x6  
  118  22:17  Zealot x5  
  113  22:24  Disruptor (Chrono Boost)  
  113  22:27  Disruptor (Chrono Boost)  
  115  22:36  Stalker x3  
  115  22:37  Stalker x2  
  123  22:43  Disruptor (Chrono Boost)  
  122  22:47  Observer  
  122  22:49  Stalker  
  122  22:50  Stalker  
  125  23:01  Stalker x2  
  125  23:03  Observer  
  125  23:05  Observer (Chrono Boost)  
  129  23:10  Stalker x2  
  129  23:11  Observer  
  129  23:21  Observer  
  129  23:22  Zealot x4  
  137  23:32  Stalker x2  
  141  23:38  Zealot  
  143  23:42  Disruptor  
  143  23:47  Zealot x2  
  148  23:51  Zealot  
  148  23:58  Shield Battery  
  146  24:03  Disruptor  
  149  24:15  Photon Cannon  
  149  24:16  Zealot x2  
  148  24:24  Disruptor, Photon Cannon  
  145  24:44  Disruptor  
  139  24:47  Zealot x6  
  139  24:51  Assimilator  
  148  24:56  Zealot x2  
  146  25:04  Dark Templar  
  110  25:18  Stalker x2  
Tags
 
Add a new tag
Caveats
  • Supply blocks, unpowered buildings, or Contaminate may cause inaccurate times.
  • Supply counts are checked every 10 seconds.